 Dungeon Crawl Stone Soup version 0.24-a0-520-g8fd06ad0bc (webtiles) character file.

Game seed: 4231028128342944355

12859 vurker the Sharpshooter (level 12, -2/78 HPs)
             Began as a Kobold Hunter on July 27, 2019.
             Was an Elder of Okawaru.
             Slain by a five-headed hydra (5 damage)
             ... on level 1 of the Lair of Beasts.
             The game lasted 00:32:34 (17555 turns).

vurker the Sharpshooter (Kobold Hunter)            Turns: 17555, Time: 00:32:35

Health: -2/78      AC: 13    Str: 14    XL:     12   Next: 25%
Magic:  18/18      EV: 22    Int: 23    God:    Okawaru [****..]
Gold:   691        SH:  0    Dex: 15    Spells: 11/11 levels left

rFire    . . .     SeeInvis .   a - +2 hand crossbow
rCold    . . .     Gourm    .   (shield restricted)
rNeg     . . .     Faith    .   u - +5 ring mail of Impermeability {+Blink +Inv Int+10 Stlth-}
rPois    .         Spirit   .   (no helmet)
rElec    .         Reflect  .   i - +1 cloak {MR+}
rCorr    .         Harm     .   (no gloves)
MR       +....                  (no boots)
Stlth    +++.......             (no amulet)
HPRegen  0.23/turn              g - ring of stealth
MPRegen  0.16/turn              x - +4 ring of evasion

@: heroism, very slightly contaminated, invisible
A: small, carnivore
a: Heroism, Renounce Religion, Evoke Blink


You were on level 1 of the Lair of Beasts.
You worshipped Okawaru.
Okawaru was greatly pleased with you.
You were full.

You visited 3 branches of the dungeon, and saw 13 of its levels.
You also visited: Sewer and Bailey.

You collected 691 gold pieces.

Inventory:

Hand Weapons
 a - a +2 hand crossbow (weapon)
 b - a +1 dagger of venom
   (You took it off an orc wizard on level 7 of the Dungeon)
Missiles
 E - 57 bolts (quivered)
Armour
 i - a +1 cloak of magic resistance (worn)
   (You found it on level 1 of the Dungeon)
 p - a +0 plate armour
   (You found it on level 7 of the Dungeon)
 u - the +5 ring mail of Impermeability (worn) {+Blink +Inv Int+10 Stlth-}
   (You found it on level 6 of the Dungeon)

   It affects your intelligence (+10).
   It lets you turn invisible.
   It lets you blink.
   It makes you less stealthy.
Jewellery
 g - a ring of stealth (left hand)
   (You found it on level 1 of the Dungeon)
 t - an uncursed ring of resist corrosion
   (You found it on level 2 of the Dungeon)
 x - a +4 ring of evasion (right hand)
   (You found it on level 9 of the Dungeon)
Scrolls
 f - 8 scrolls of remove curse
 h - 3 scrolls of enchant armour
 k - a scroll of fog
 o - 4 scrolls of fear
 w - 3 scrolls of magic mapping
 y - 6 scrolls of teleportation
 A - 2 scrolls of blinking
Potions
 j - 6 potions of flight
 m - 2 potions of curing
 n - 3 potions of agility
 q - 3 potions of haste
 s - a potion of lignification
 v - 2 potions of resistance
 z - a potion of magic {unknown}
Comestibles
 e - 14 rations


   Skills:
 + Level 10.3(15.3) Fighting
 - Level 5.0(10.0) Short Blades
 * Level 15.4(20.4) Crossbows
 + Level 1.5(6.5) Armour
 + Level 3.6(8.6) Dodging
 - Level 1.3(6.3) Stealth
 - Level 8.0 Invocations
 - Level 5.0 Evocations


You had 11 spell levels left.
You didn't know any spells.
Your spell library was empty.

Dungeon Overview and Level Annotations

Branches:
Dungeon (11/15)            Temple (1/1) D:5            Lair (1/6) D:10
    Orc: D:9-12

Altars:
Ashenzari
Cheibriados
Dithmenos
Elyvilon
Fedhas
Gozag
Hepliaklqana
Kikubaaqudgha
Makhleb
Nemelex Xobeh
Okawaru
Qazlal
Ru
Sif Muna
Trog
Uskayaw
Vehumet
Wu Jian
Xom
Yredelemnul
Zin
The Shining One
Beogh

Annotations:
D:8 3 runed translucent doors
D:10 1 runed translucent door
Lair:1 1 runed translucent door, Koecaec's ghost, novice DEAE


Innate Abilities, Weirdness & Mutations

You are small and have problems with some larger weapons.
You are carnivorous and can eat meat at any time.


Message History

The five-headed hydra bites you!
* * * LOW HITPOINT WARNING * * *
The five-headed hydra bites you but does no damage.
The five-headed hydra completely misses you.
The five-headed hydra bites you but does no damage.
Firing (i - inventory)
E - 59 bolts (quivered)
Aim: a yak (almost dead)
You shoot a bolt.
The bolt barely misses the five-headed hydra.
The bolt hits the yak.
The five-headed hydra bites you!
* * * LOW HITPOINT WARNING * * *
The five-headed hydra completely misses you. x2
The five-headed hydra misses you.
The five-headed hydra bites you but does no damage.
Firing (i - inventory)
E - 58 bolts (quivered)
Aim: a yak (almost dead)
You shoot a bolt. The bolt hits the five-headed hydra!
The five-headed hydra bites you but does no damage.
The five-headed hydra misses you.
The five-headed hydra completely misses you.
The five-headed hydra bites you.
* * * LOW HITPOINT WARNING * * *
The five-headed hydra bites you.
* * * LOW HITPOINT WARNING * * *
Aim: a yak (almost dead, chance to defeat MR: 61%)
The five-headed hydra easily resists.
The five-headed hydra bites you but does no damage.
The five-headed hydra completely misses you.
The five-headed hydra closely misses you.
The five-headed hydra completely misses you. x2
You don't have any such object.
You don't have any such object.
Aim: a yak (almost dead, chance to defeat MR: 61%)
The five-headed hydra easily resists.
The five-headed hydra misses you.
The five-headed hydra completely misses you.
The five-headed hydra bites you but does no damage. x2
The five-headed hydra bites you.
* * * LOW HITPOINT WARNING * * *
Aim: a yak (almost dead, chance to defeat MR: 61%)
The five-headed hydra easily resists.
The five-headed hydra closely misses you.
The five-headed hydra barely misses you.
The five-headed hydra misses you.
The five-headed hydra completely misses you.
The five-headed hydra bites you!
* * * LOW HITPOINT WARNING * * *
Aim: a yak (almost dead, chance to defeat MR: 61%)
The five-headed hydra easily resists.
The now-empty wand crumbles to dust.
The five-headed hydra bites you.
You die...

......# ##.((##+P##..
#............... #..(.........
##....##........ ##........... #
#...# P.......# #......###### #
##..#.P......# ##YY......... #
..##........ #Y...^#..... #
..#.......# #.....#..... #
##.......######........... ##
#........@DYY(......##.+## .#
##...#+###.Y##Y#####....... #
##P...#.......### #....... ###
##P........P..## #.....##
#.###......#...#...# #......#
...........#...#...#### #.....##
..P........รท......P##.####.....#
...........#...#...............#
...........#...#.......####....#


You could see a five-headed hydra and 4 yaks.

Vanquished Creatures
  Sonja (Lair:1)
  An orc knight (Bailey)
  A black mamba (Lair:1)
  A rime drake (Lair:1)
  A komodo dragon (Lair:1)
  4 polar bears
  2 hippogriffs
  7 yaks
  2 wyverns (D:10)
  A wraith (D:10)
  2 hungry ghosts
  A steam dragon (D:10)
  4 water moccasins
  14 orc warriors
  5 porcupines
  3 ice beasts
  Purgy (Sewer)
  3 sky beasts
  10 black bears
  2 necrophages (D:10)
  A phantom (D:8)
  2 centaurs
  2 ogres
  2 crocodiles
  3 big kobolds
  9 bullfrogs
  3 scorpions
  3 killer bees (D:9)
  2 howler monkeys (D:4)
  16 wights
  4 crimson imps
  A centaur zombie (D:9)
  2 hounds
  2 jellies
  2 quasits
  2 bullfrog zombies
  7 orc priests
  9 orc wizards
  A bullfrog skeleton (D:11)
  Jessica (D:2)
  3 iguanas
  5 worker ants
  2 hound zombies
  A hound skeleton (D:9)
  15 gnolls
  15 adders
  A river rat (D:4)
  2 shadow imps
  An ooze (D:5)
  2 adder skeletons
  3 worms
  2 dart slugs
  11 leopard geckos
  63 orcs
  6 ball pythons
  6 bats
  5 giant cockroaches
  29 goblins
  15 hobgoblins
  14 jackals
  5 quokkas
  8 frilled lizards
  19 kobolds
  A leopard gecko skeleton (D:4)
  A leopard gecko zombie (D:8)
  10 rats
  2 plants
387 creatures vanquished.

Vanquished Creatures (others)
  35 fungi (D:10)
  3 plants (D:10)
38 creatures vanquished.

Grand Total: 425 creatures vanquished

Notes
Turn   | Place    | Note
-------+----------+-------------------------------------------
     0 | D:1      | vurker the Kobold Hunter began the quest for the Orb.
     0 | D:1      | Reached XP level 1. HP: 12/12 MP: 1/1
   402 | D:1      | Reached skill level 1 in Short Blades
   402 | D:1      | Reached skill level 5 in Crossbows
   402 | D:1      | Reached XP level 2. HP: 12/18 MP: 2/2
   908 | D:1      | Reached XP level 3. HP: 22/22 MP: 3/3
  1850 | D:2      | Noticed Jessica
  1851 | D:2      | Killed Jessica
  1851 | D:2      | Reached XP level 4. HP: 27/27 MP: 4/4
  1888 | D:2      | Found a faded altar of an unknown god.
  2620 | D:3      | Reached skill level 1 in Evocations
  2676 | D:3      | HP: 1/27 [poisoned by a kobold]
  3164 | D:3      | Reached XP level 5. HP: 17/32 MP: 5/5
  3416 | D:3      | Found a radiant altar of Vehumet.
  3416 | D:3      | Found a basalt altar of Yredelemnul.
  3421 | D:3      | Found a glowing golden altar of the Shining One.
  3423 | D:3      | Found a deep blue altar of Sif Muna.
  3424 | D:3      | Found a bloodstained altar of Trog.
  4307 | D:4      | Found an ornate altar of the Wu Jian Council.
  4383 | D:4      | Reached skill level 6 in Crossbows
  4471 | D:4      | Reached XP level 6. HP: 19/37 MP: 7/7
  4665 | D:4      | Found a glowing drain.
  4669 | Sewer    | Entered a sewer
  4749 | Sewer    | Noticed Purgy
  4751 | Sewer    | Killed Purgy
  4952 | D:4      | Noticed an ogre
  4959 | D:4      | Killed an ogre
  4959 | D:4      | Reached XP level 7. HP: 17/42 MP: 8/8
  5140 | D:4      | Found a snail-covered altar of Cheibriados.
  5162 | D:4      | Found a shattered altar of Ashenzari.
  5212 | D:4      | Reached skill level 5 in Short Blades
  5571 | D:4      | Reached skill level 7 in Crossbows
  6131 | D:4      | Found a sacrificial altar of Ru.
  6539 | D:5      | Entered Level 5 of the Dungeon
  6542 | D:5      | Reached XP level 8. HP: 47/48 MP: 10/10
  6556 | D:5      | Found an iron altar of Okawaru.
  6565 | D:5      | Became a worshipper of Warmaster Okawaru
  6722 | D:5      | Found a staircase to the Ecumenical Temple.
  6729 | Temple   | Entered the Ecumenical Temple
  7647 | D:6      | Reached skill level 8 in Crossbows
  7657 | D:6      | Reached skill level 1 in Invocations
  7760 | D:6      | Got a shimmering ring mail
  7771 | D:6      | Identified the +5 ring mail of Impermeability {+Blink +Inv
                  | Int+10 Stlth-} (You found it on level 6 of the Dungeon)
  8017 | D:6      | Reached skill level 5 in Fighting
  8019 | D:6      | Reached * piety under Okawaru
  8032 | D:6      | Reached skill level 9 in Crossbows
  8045 | D:6      | Reached XP level 9. HP: 47/54 MP: 12/12
  8179 | D:6      | Reached skill level 5 in Evocations
  8454 | D:6      | Found a hide-covered altar of Uskayaw.
  8869 | D:7      | Reached skill level 5 in Invocations
  8912 | D:7      | Noticed a hippogriff
  8919 | D:7      | Killed a hippogriff
  8919 | D:7      | Reached skill level 10 in Crossbows
  9292 | D:7      | Reached ** piety under Okawaru
  9989 | D:8      | Found a roughly hewn altar of Beogh.
 10014 | D:8      | Reached XP level 10. HP: 56/61 MP: 14/14
 10255 | D:8      | Got an ichor-stained dagger
 10261 | D:8      | Found a stormy altar of Qazlal.
 10361 | D:8      | Reached skill level 11 in Crossbows
 10622 | D:8      | Found a runed translucent door.
 10622 | D:8      | Found a runed translucent door.
 10622 | D:8      | Noticed a centaur warrior
 10622 | D:8      | Noticed a yaktaur captain
 10705 | D:8      | Found a runed translucent door.
 10943 | D:8      | Identified the cursed +1 dagger "Judapt" {drain, rPois
                  | Stlth+} (You found it on level 8 of the Dungeon)
 11304 | D:9      | Reached *** piety under Okawaru
 11371 | D:9      | Found an opulent altar of Gozag.
 11842 | D:9      | Received a gift from Okawaru
 11842 | D:9      | Reached skill level 12 in Crossbows
 12394 | D:10     | Entered Level 10 of the Dungeon
 12401 | D:10     | Found a flagged portal.
 12434 | Bailey   | Entered a bailey
 12631 | Bailey   | Noticed an orc knight
 12642 | Bailey   | Killed an orc knight
 12642 | Bailey   | Reached XP level 11. HP: 48/68 MP: 15/17
 12792 | Bailey   | Reached skill level 13 in Crossbows
 12955 | Bailey   | Noticed an orc warlord
 12957 | Bailey   | Noticed an orc knight
 13025 | D:10     | Reached **** piety under Okawaru
 13570 | D:10     | Received a gift from Okawaru
 13953 | D:10     | Found a staircase to the Lair.
 14141 | D:10     | Reached skill level 14 in Crossbows
 14853 | D:10     | Found a runed translucent door.
 14856 | D:10     | Noticed a deep elf mage
 15035 | D:10     | Noticed a centaur warrior
 15051 | D:10     | Noticed a flayed ghost
 15618 | D:11     | Noticed a manticore
 15679 | D:11     | Noticed a cyclops
 15797 | Lair:1   | Entered Level 1 of the Lair of Beasts
 15822 | D:10     | Received a gift from Okawaru
 16380 | Lair:1   | Received a gift from Okawaru
 16450 | Lair:1   | Reached skill level 10 in Fighting
 16453 | Lair:1   | Reached skill level 15 in Crossbows
 16764 | Lair:1   | Found a runed translucent gate.
 16768 | Lair:1   | Reached XP level 12. HP: 77/77 MP: 18/18
 16789 | Lair:1   | Noticed Koecaec's ghost (novice DEAE)
 16789 | Lair:1   | Noticed a minotaur
 16790 | Lair:1   | Noticed a seven-headed hydra
 16808 | Lair:1   | Noticed Sonja
 16816 | Lair:1   | Killed Sonja
 16816 | Lair:1   | Received a gift from Okawaru
 17009 | Lair:1   | Received a gift from Okawaru
 17009 | Lair:1   | Reached skill level 1 in Armour
 17524 | Lair:1   | Noticed a five-headed hydra
 17554 | Lair:1   | HP: 2/78 [five-headed hydra (8)]
 17555 | Lair:1   | Slain by a five-headed hydra

Levels and vault maps discovered:
D:1:      saegor_arrival_simple_b, layout_basic, serial_bayou_crossing
D:2:      layout_basic, chequers_ecumenical_altar_simple, uniq_jessica
D:3:      layout_basic, chequers_temple_overflow_minitemple, first_ration
D:4:      minmay_opposing_rooms, layout_basic, overflow_temple_1_default,
          kennysheep_mini, grunt_temple_overflow_open, gup_sewer_entry_spiral,
          minmay_goblin_outpost
D:5:      layout_basic, minmay_temple_entry_gardened_gates,
          okawaru_metal_pillars_1_2
D:6:      minmay_diamond_boxcup, layout_rooms, kennysheep_little_box
D:7:      layout_basic, chequers_serial_rivers_micro_b
D:8:      minmay_the_grid_triangle_9x9_rhombus_full
          [minmay_the_grid_triangle_9x9_zippers_horizontal,
          minmay_the_grid_triangle_9x9_shrine,
          minmay_the_grid_triangle_9x9_fully_insulated_deathbox,
          minmay_the_grid_triangle_9x9_subtriangle,
          minmay_the_grid_triangle_9x9_swiss_cheese,
          minmay_the_grid_triangle_9x9_thin_v,
          minmay_the_grid_triangle_9x9_minimal,
          minmay_the_grid_triangle_9x9_prize_top_heavy], layout_loops_ring,
          nicolae_qazlal_eye_of_the_storm, special_room [special_room_orc]
D:9:      layout_stronghold, nicolae_overflow_crystal_walls
D:10:     layout_basic, due_lair_maze_entry_diamond, enter_bailey_2,
          grunt_pizzeria, minivault_13
D:11:     layout_cave_pools, orc_0_dummy, tso_altar
Temple:   dpeg_chambers_temple
Lair:1:   beast_lair_carwin_large_1, layout_chaotic_city,
          maelrawn_ghost_gauntlet_escape, uniq_sonja

Skill      XL: |  1  2  3  4  5  6  7  8  9 10 11 12 |
---------------+-------------------------------------+-----
Short Blades   | 1 2 3 4 5 |  5.0
Crossbows      | 5 6 7 9 10 12 15 | 15.4
Evocations     | 1 2 3 4 5 |  5.0
Fighting       | 3 4 5 6 8 10 | 10.3
Invocations    | 3 6 8 |  8.0
Armour         | 1 |  1.5
Dodging        | 3 |  3.6
Stealth        | |  1.3

Action                   |  1- 3 |  4- 6 |  7- 9 | 10-12 || total
-------------------------+-------+-------+-------+-------++-------
Melee: Short sword       |    76 |   212 |    22 |       ||   310
       Dagger            |       |       |       |   304 ||   304
       Punch             |       |       |       |     2 ||     2
 Fire: Hand crossbow     |       |    23 |   332 |   618 ||   973
Invok: Heroism           |       |       |     2 |    21 ||    23
Evoke: Wand              |     2 |     4 |    11 |    11 ||    28
  Use: Potion            |       |     3 |     2 |     5 ||    10
       Scroll            |       |     1 |    11 |    10 ||    22
 Stab: Sleeping          |     7 |       |       |       ||     7
  Eat: Chunk             |    11 |    10 |    16 |    27 ||    64
Armor: Leather armour    |    15 |       |       |       ||    15
       Chain mail        |       |   106 |    50 |       ||   156
       Ring mail         |       |       |    56 |   161 ||   217
       Skin              |       |       |       |    23 ||    23
Dodge: Dodged            |    63 |    81 |   123 |   487 ||   754

Table legend:
 A = Non-vault XP
 B = Vault XP
 C = Vault XP percentage of total XP
 D = Non-vault monster count
 E = Vault monster count
 F = Vault count percentage of total count
                 A         B        C        D         E       F
            +---------+---------+-------+---------+---------+-------
      Total |   11545 |    6825 |  37.2 |     244 |     141 |  36.6
            +---------+---------+-------+---------+---------+-------
        D:1 |      31 |       0 |   0.0 |      20 |       0 |   0.0
        D:2 |      23 |      37 |  61.7 |      11 |       1 |   8.3
        D:3 |     112 |       0 |   0.0 |      20 |       0 |   0.0
        D:4 |     358 |     297 |  45.3 |      17 |      20 |  54.1
        D:5 |      25 |       0 |   0.0 |       3 |       0 |   0.0
        D:6 |    1181 |     337 |  22.2 |      32 |       7 |  17.9
        D:7 |     740 |       0 |   0.0 |      18 |       0 |   0.0
        D:8 |    1060 |     499 |  32.0 |      27 |      25 |  48.1
        D:9 |    2333 |       0 |   0.0 |      31 |       0 |   0.0
       D:10 |    2914 |    2005 |  40.8 |      46 |      15 |  24.6
       D:11 |     282 |       0 |   0.0 |       7 |       0 |   0.0
     Lair:1 |    2486 |    2050 |  45.2 |      12 |       8 |  40.0
      Sewer |       0 |     143 | 100.0 |       0 |       8 | 100.0
     Bailey |       0 |    1457 | 100.0 |       0 |      57 | 100.0
            +---------+---------+-------+---------+---------+-------
